 Dungeon Crawl Stone Soup version 0.24-a0-639-gb70a11d811 (webtiles) character file.

Game seed: 617857445424750981, levelgen mode: deterministic

12963 Deluxe999 the Cleaver (level 11, -7/102 HPs)
             Began as a Minotaur Berserker on Sept 21, 2019.
             Was a High Priest of Trog.
             Mangled by a jumping spider (9 damage)
             ... on level 2 of the Lair of Beasts.
             The game lasted 02:06:50 (15449 turns).

Deluxe999 the Cleaver (Minotaur Berserker)         Turns: 15449, Time: 02:06:51

Health: -7/102     AC: 18    Str: 24    XL:     11   Next: 69%
Magic:  10/10      EV:  5    Int:  4    God:    Trog [*****.]
Gold:   656        SH: 17    Dex: 11    Spells: 10/10 levels left

rFire    . . .     SeeInvis .   R - +2 flail (protect)
rCold    . . .     Gourm    +   N - +0 large shield
rNeg     + . .     Faith    .   P - +1 plate armour
rPois    .         Spirit   .   (helmet restricted)
rElec    .         Reflect  .   e - +0 cloak
rCorr    .         Harm     .   (no gloves)
MR       .....                  x - +0 pair of boots
Stlth    ..........             p - amulet of the gourmand
HPRegen  0.27/turn              f - ring of positive energy
MPRegen  0.12/turn              (no ring)

@: lethally poisoned (-7 -> -17), very slightly contaminated, slowed, invisible,
very slow
A: retaliatory headbutt, horns 2
a: Berserk, Trog's Hand, Brothers in Arms, Renounce Religion


You were on level 2 of the Lair of Beasts.
You worshipped Trog.
Trog was extremely pleased with you.
You were very full.

You visited 4 branches of the dungeon, and saw 13 of its levels.

You collected 656 gold pieces.

Inventory:

Hand Weapons
 j - a +0 mace of holy wrath
 o - a +1 flail of draining
 r - a +4 scimitar of flaming
 G - a +0 rapier of venom
 H - a +1 hand axe of venom
 K - a +0 shortbow
 L - a +0 war axe
 R - a +2 flail of protection (weapon)
 T - a +3 long sword of slicing
Missiles
 i - 186 arrows
Armour
 e - a +0 cloak (worn)
 k - a +0 chain mail
 m - a +0 plate armour
 x - a +0 pair of boots (worn)
 z - a +1 robe of resistance
 N - a +0 large shield (worn)
 O - a cursed -2 leather armour
 P - a +1 plate armour (worn)
Jewellery
 a - an uncursed ring of stealth
 f - a ring of positive energy (left hand)
 g - an uncursed amulet of rage {unknown}
 p - an amulet of the gourmand (around neck)
 C - a cursed amulet of inaccuracy {unknown}
Wands
 u - a wand of polymorph (7)
 J - a wand of digging (6)
 U - a wand of flame (10)
 V - a wand of acid (8)
Scrolls
 d - a scroll of fog
 h - 4 scrolls of noise
 n - 9 scrolls of remove curse
 w - a scroll of teleportation
 y - 2 scrolls of blinking
 D - 2 scrolls of fear {unknown}
 E - 3 scrolls of enchant weapon {unknown}
 F - a scroll of random uselessness {unknown}
 I - 5 scrolls of enchant armour
 M - 3 scrolls of amnesia
 Q - 2 scrolls of magic mapping
 S - a scroll of identify
Potions
 b - 2 potions of might
 c - 2 potions of lignification
 t - 2 potions of brilliance
 A - a potion of flight
 B - 3 potions of haste
Comestibles
 l - 22 rations


   Skills:
 + Level 11.1 Fighting
 * Level 7.6 Long Blades
 - Level 11.5(12.0) Axes
 - Level 5.5(9.3) Maces & Flails
 + Level 10.5 Armour
 - Level 2.8 Dodging
 - Level 0.2 Stealth
 + Level 8.5 Shields


You had 10 spell levels left.
You didn't know any spells.
Your spell library was empty.

Dungeon Overview and Level Annotations

Branches:
Dungeon (9/15)             Temple (1/1) D:7            Lair (2/6) D:8
  Swamp (0/4) Lair:2       Spider (1/4) Lair:2          Orc (0/2) D:9

Altars:
Ashenzari
Cheibriados
Dithmenos
Elyvilon
Fedhas
Gozag
Hepliaklqana
Kikubaaqudgha
Makhleb
Nemelex Xobeh
Okawaru
Qazlal
Ru
Sif Muna
Trog
Uskayaw
Vehumet
Wu Jian
Xom
Yredelemnul
Zin
The Shining One

Shops:
D:8 }

Annotations:
D:6 3 runed translucent doors, PeterQ's ghost, novice TrHu; XoMute's ghost, novice TrMo; feelmyfire's ghost, novice HaAs; opiumtea's ghost, novice MfSk


Innate Abilities, Weirdness & Mutations

You reflexively headbutt those who attack you in melee.
You have a pair of horns on your head.


Message History

The torpor snail struggles to get unstuck from the web.
* * * LOW HITPOINT WARNING * * *
You feel sick.
You block the jumping spider's attack. x2
The torpor snail pulls away from the web.
As you read the scroll of identify, it crumbles to dust.
t - 2 potions of brilliance
* * * LOW HITPOINT WARNING * * *
You feel very sick.
The jumping spider pounces on you but does no damage.
The jumping spider bites you but does no damage.
You block the jumping spider's attack. x2
Blink to where?
Press: ? - help, Dir - move target cursor, f - you
Okay, then.
You barely miss the jumping spider.
Your headbutt misses the jumping spider.
The jumping spider is heavily wounded.
* * * LOW HITPOINT WARNING * * *
You feel sick. The jumping spider pounces on you!
You die...

......# #.......♣♣♣♣♣♣♣♣♣♣♣♣♣
.###### #.>......#..♣♣♣♣♣♣♣♣.
..##########.##...#.......#......
.###^#...^.###..............P....
.#........^.^..#...........###...
.....^.#^..ss#..##.........####..
...#..#....#^s.####......P.##.##.
...#)#^s..w##w.s##...P.#...###...
.#^#...#^..#####@#.P.#.#.P.#..#..
..##.#≈..#^###...#.###..........#
..##.≈≈≈≈≈..##.....# #...........
###..≈..^≈^###....####.......<...
#.^'^>^'.# ###...#.............
##.##.########.................
#########.................#...
##.........#P##...#..##..
#...P.....#### #.#......


You could see a torpor snail (inner flame), a jumping spider (inner flame), a
tarantella (inner flame) and 2 redbacks.

Vanquished Creatures
  Erica (D:8)
  An orb spider (Lair:2)
  5 elephants
  3 spiny frogs (Lair:1)
  2 komodo dragons (Lair:1)
  Prince Ribbit (D:8)
  A bog body (Lair:2)
  4 blink frogs (Lair:2)
  3 hippogriffs
  17 yaks
  2 wargs (D:7)
  A swamp worm (Lair:2)
  3 water moccasins
  A sky beast (D:6)
  3 orc warriors
  2 phantoms
  An ice beast (D:7)
  8 ogres
  5 wolves
  2 centaurs
  6 crocodiles
  6 bullfrogs
  2 scorpions (D:6)
  3 howler monkeys
  An electric eel (Lair:2)
  3 crimson imps
  A bullfrog zombie (D:7)
  3 hounds
  3 orc priests
  A jelly (D:6)
  9 orc wizards
  Jessica (D:2)
  3 bullfrog skeletons
  An iguana (D:6)
  5 worker ants
  A hound skeleton (D:4)
  3 worker ant zombies
  13 adders
  A gnoll (D:1)
  A shadow imp (D:7)
  An adder skeleton (D:7)
  An adder zombie (D:5)
  2 worms
  A dart slug (D:2)
  38 orcs
  6 giant cockroaches
  7 goblins
  8 hobgoblins
  5 jackals
  8 kobolds
  2 quokkas
  4 bats
  4 frilled lizards
  A leopard gecko skeleton (D:4)
  A leopard gecko zombie (D:8)
  A quokka skeleton (D:5)
  A quokka zombie (D:7)
  13 rats
  2 bushes (Lair:1)
  14 fungi (Lair:1)
  14 plants
267 creatures vanquished.

Vanquished Creatures (others)
  2 fungi (Lair:2)
2 creatures vanquished.

Grand Total: 269 creatures vanquished

Notes
Turn   | Place    | Note
-------+----------+-------------------------------------------
     0 | D:1      | Deluxe999 the Minotaur Berserker began the quest for the
                  | Orb.
     0 | D:1      | Reached XP level 1. HP: 19/19 MP: 0/0
   187 | D:1      | Reached XP level 2. HP: 14/27 MP: 1/1
   811 | D:1      | Reached XP level 3. HP: 27/33 MP: 2/2
  1090 | D:2      | Found a hazy altar of Hepliaklqana.
  1403 | D:2      | Reached ** piety under Trog
  1647 | D:2      | You fall into a shaft and drop 1 floor!
  1671 | D:3      | HP: 1/34 [poisoned by an adder]
  1678 | D:3      | Reached XP level 4. HP: 18/41 MP: 3/3
  3202 | D:3      | Reached skill level 1 in Maces & Flails
  3396 | D:3      | Reached skill level 5 in Fighting
  3396 | D:3      | Reached XP level 5. HP: 48/48 MP: 4/4
  3485 | D:2      | Noticed Jessica
  3494 | D:2      | Killed Jessica
  3608 | D:2      | Reached *** piety under Trog
  4220 | D:2      | Found an ancient bone altar of Kikubaaqudgha.
  4220 | D:2      | Found a shimmering blue altar of Sif Muna.
  4223 | D:2      | Found a radiant altar of Vehumet.
  4227 | D:2      | Found an iron altar of Okawaru.
  4227 | D:2      | Found a stormy altar of Qazlal.
  4227 | D:2      | Found a burning altar of Makhleb.
  4228 | D:2      | Found a shimmering altar of Xom.
  4229 | D:2      | Found a shadowy altar of Dithmenos.
  4230 | D:2      | Found an ornate altar of the Wu Jian Council.
  4231 | D:2      | Found a snail-covered altar of Cheibriados.
  4798 | D:4      | Reached XP level 6. HP: 56/56 MP: 5/5
  5626 | D:5      | Entered Level 5 of the Dungeon
  5902 | D:5      | Reached XP level 7. HP: 63/63 MP: 6/6
  6076 | D:5      | Reached skill level 5 in Maces & Flails
  6229 | D:5      | Found a shattered altar of Ashenzari.
  6331 | D:5      | Reached skill level 5 in Armour
  7079 | D:6      | Reached skill level 5 in Axes
  7211 | D:6      | Found a bloodstained altar of Trog.
  7212 | D:6      | Found a runed translucent gate.
  7213 | D:6      | Found a runed translucent gate.
  7215 | D:6      | Noticed XoMute's ghost (novice TrMo)
  7217 | D:6      | Found a runed translucent gate.
  7217 | D:6      | Noticed PeterQ's ghost (novice TrHu)
  7218 | D:6      | Noticed opiumtea's ghost (novice MfSk)
  7219 | D:6      | Noticed feelmyfire's ghost (novice HaAs)
  7271 | D:6      | Reached XP level 8. HP: 50/71 MP: 7/7
  7856 | D:6      | Reached **** piety under Trog
  8448 | D:7      | Reached skill level 1 in Shields
  8593 | D:7      | Noticed a hippogriff
  8621 | D:7      | Killed a hippogriff
  8635 | D:7      | Reached XP level 9. HP: 54/81 MP: 8/8
  8805 | D:7      | Found a staircase to the Ecumenical Temple.
  8883 | D:7      | Noticed a deep elf mage
  9236 | Temple   | Entered the Ecumenical Temple
  9435 | D:8      | Found Ibbiz's Gadget Shoppe.
  9528 | D:8      | Noticed Erica
  9576 | D:8      | Killed Erica
  9600 | D:8      | HP: 4/82 [poisoned by Erica (bolt of poison)]
  9607 | D:8      | HP: 4/82 [poisoned by Erica (bolt of poison)]
 10064 | D:8      | Noticed Prince Ribbit
 10078 | D:8      | Killed Prince Ribbit
 10078 | D:8      | Reached skill level 10 in Axes
 10215 | D:7      | Reached skill level 5 in Shields
 10643 | D:8      | Found a staircase to the Lair.
 10672 | D:8      | Reached XP level 10. HP: 89/91 MP: 9/9
 10845 | D:8      | Found a glowing silver altar of Zin.
 10967 | Lair:1   | Entered Level 1 of the Lair of Beasts
 11641 | Lair:1   | Noticed a spiny frog
 11683 | Lair:1   | Noticed a spiny frog
 11693 | Lair:1   | Killed a spiny frog
 11864 | Lair:1   | Killed a spiny frog
 12492 | D:9      | Reached skill level 1 in Long Blades
 12509 | D:9      | Reached skill level 10 in Fighting
 12558 | D:9      | Reached ***** piety under Trog
 12957 | D:9      | Found a staircase to the Orcish Mines.
 13408 | Lair:2   | Noticed an elephant
 13409 | Lair:2   | Noticed an elephant
 13411 | Lair:2   | Noticed a spiny frog
 13436 | Lair:1   | Killed a spiny frog
 13436 | Lair:1   | Reached XP level 11. HP: 71/100 MP: 10/10
 13754 | Lair:2   | Reached skill level 5 in Long Blades
 14108 | Lair:1   | Reached skill level 10 in Armour
 14949 | Lair:2   | Found a staircase to the Swamp.
 15292 | Lair:2   | Found a hole to the Spider Nest.
 15292 | Lair:2   | Noticed an orb spider
 15392 | Lair:2   | Killed an orb spider
 15418 | Spider:1 | Entered Level 1 of the Spider Nest
 15418 | Spider:1 | Noticed an orb spider
 15418 | Spider:1 | Noticed an orb spider
 15439 | Lair:2   | HP: 5/102 [poisoned by a redback]
 15448 | Lair:2   | HP: 4/102 [poisoned by a redback]
 15449 | Lair:2   | Mangled by a jumping spider

Levels and vault maps discovered:
D:1:      ncdulo_wetmaze, layout_basic, minmay_pentomino_r2
D:2:      layout_basic, minitemple, nicolae_overflow_crystal_walls,
          serial_curves, eino_curves_01, eino_curves_01, uniq_jessica
D:3:      layout_basic
D:4:      layout_gridville
D:5:      layout_gridville, old_standard_altar, first_ration, minmay_pentangle
D:6:      layout_basic, basic_altar, gammafunk_ghost_cemetery,
          minmay_misc_feat_room, minmay_tree_intersection
D:7:      layout_cave_pools, minmay_temple_entry_tees, lightli_corner_chamber
D:8:      layout_rooms, zin_academy, erik_lair_orcish_takeover, serial_shops,
          shop, grunt_ogre_cave, minmay_fractal_squares_gapless_5, uniq_erica,
          uniq_prince_ribbit1
D:9:      layout_loops_ring, orc_0_dummy
Temple:   chequers_temple_sunken
Lair:1:   layout_long_grid, beast_lair_carwin_3
Lair:2:   layout_misc_corridors, nicolae_swamp_entry_splash_gauntlet,
          nicolae_spider_entry_orb_guardian, chequers_serial_rivers_room_b,
          cheibrodos_lair_reptile_den
Spider:1: layout_spider_delve

Skill      XL: |  1  2  3  4  5  6  7  8  9 10 11 |
---------------+----------------------------------+-----
Fighting       | 4 5 6 7 9 10 11 | 11.1
Axes           | 4 6 8 10 11 | 11.5
Armour         | 3 4 5 7 8 9 10 | 10.5
Maces & Flails | 1 3 4 5 |  5.5
Shields        | 2 5 7 8 |  8.5
Long Blades    | 4 7 |  7.6
Dodging        | |  2.8
Stealth        | |  0.2

Action                   |  1- 3 |  4- 6 |  7- 9 | 10-12 || total
-------------------------+-------+-------+-------+-------++-------
Melee: Hand axe          |    76 |       |   264 |   302 ||   642
       Headbutt          |    12 |    17 |    67 |   214 ||   310
       Mace              |     5 |    24 |       |       ||    29
       Flail             |       |   101 |    23 |   258 ||   382
       Long sword        |       |       |       |    99 ||    99
Invok: Berserk           |       |       |     1 |     1 ||     2
       Trog's Hand       |       |       |       |     1 ||     1
  Use: Potion            |     1 |       |     8 |     3 ||    12
       Scroll            |       |     6 |    11 |     5 ||    22
  Eat: Ration            |     1 |     3 |       |       ||     4
       Chunk             |       |    16 |    18 |    18 ||    52
Armor: Animal skin       |    25 |       |       |       ||    25
       Chain mail        |       |    69 |    79 |       ||   148
       Plate armour      |       |       |    20 |   254 ||   274
       Skin              |       |       |     7 |       ||     7
Dodge: Dodged            |    67 |    49 |    77 |    76 ||   269
Block: Large shield      |       |       |    56 |   395 ||   451
       Rpst.: Long sword |       |       |       |     1 ||     1

Table legend:
 A = Non-vault XP
 B = Vault XP
 C = Vault XP percentage of total XP
 D = Non-vault monster count
 E = Vault monster count
 F = Vault count percentage of total count
                 A         B        C        D         E       F
            +---------+---------+-------+---------+---------+-------
      Total |   14374 |    4145 |  22.4 |     212 |      25 |  10.5
            +---------+---------+-------+---------+---------+-------
        D:1 |      45 |       2 |   4.3 |      21 |       1 |   4.5
        D:2 |      82 |      37 |  31.1 |      22 |       1 |   4.3
        D:3 |     115 |       0 |   0.0 |      25 |       0 |   0.0
        D:4 |     373 |       0 |   0.0 |      18 |       0 |   0.0
        D:5 |     258 |     130 |  33.5 |      21 |       2 |   8.7
        D:6 |     904 |       0 |   0.0 |      19 |       0 |   0.0
        D:7 |    1276 |     438 |  25.6 |      19 |       6 |  24.0
        D:8 |     520 |    1496 |  74.2 |       6 |       6 |  50.0
        D:9 |    1673 |       0 |   0.0 |      21 |       0 |   0.0
     Lair:1 |    4192 |     981 |  19.0 |      17 |       5 |  22.7
     Lair:2 |    4936 |    1061 |  17.7 |      23 |       4 |  14.8
            +---------+---------+-------+---------+---------+-------
